 Dungeon Crawl Stone Soup version 0.29-a0-553-g81b289dbe5 (webtiles) character file.

Game seed: 14533074603899391418

67 jifgo the Chopper (level 3, 0/34 HPs)
             Began as a Minotaur Berserker on June 6, 2022.
             Was a Follower of Trog.
             Slain by a gnoll
             ... wielding a +0 flail
              (6 damage)
             ... on level 2 of the Dungeon.
             The game lasted 00:02:32 (1323 turns).

jifgo the Chopper (Minotaur Berserker)              Turns: 1323, Time: 00:02:33

Health: 0/34       AC:  3    Str: 23    XL:     3   Next: 98%
Magic:  2/2        EV: 11    Int:  4    God:    Trog [*.....]
Gold:   53         SH:  0    Dex:  9    Spells: 2/2 levels left

rFire   . . .      SeeInvis .   a - +0 hand axe
rCold   . . .      Faith    .   (no shield)
rNeg    . . .      Spirit   .   h - +0 leather armour
rPois   .          Reflect  .   (helmet restricted)
rElec   .          Harm     .   (no cloak)
rCorr   .          Rampage  .   (no gloves)
Will    .....                   (no boots)
Stlth   +.........              (no amulet)
HPRegen 0.11/turn               (no ring)
MPRegen 0.08/turn               (no ring)

@: on berserk cooldown, slowed, very slow
A: horns 2, retaliatory headbutt
a: Renounce Religion, Berserk


You were on level 2 of the Dungeon.
You worshipped Trog.
Trog was aware of your devotion.
You visited 1 branch of the dungeon, and saw 2 of its levels.

You collected 53 gold pieces.

Inventory:

Hand Weapons
 a - a +0 hand axe (weapon)
Missiles
 j - 4 poisoned darts (quivered)
Armour
 b - a +0 animal skin
 h - a +0 leather armour (worn)
Scrolls
 c - 2 scrolls of identify {unknown}
 d - 2 scrolls of noise {unknown}
 e - 2 scrolls of torment {unknown}
Potions
 f - 2 potions of curing {unknown}
 g - 2 potions of berserk rage {unknown}
 i - a potion of degeneration {unknown}
 k - a potion of lignification {unknown}


   Skills:
 + Level 4.4 Fighting
 + Level 4.4 Axes
 + Level 0.4 Throwing
 + Level 3.4 Armour
 - Level 2.1 Dodging
 + Level 0.3 Evocations


You had 2 spell levels left.
You didn't know any spells.
Your spell library was empty.

Dungeon Overview and Level Annotations

Branches:
Dungeon (2/15)

Altars:


Innate Abilities, Weirdness & Mutations

You have a pair of horns on your head.
You reflexively headbutt those who attack you in melee.


Message History

You feel your anger nearly subside.
You struggle against the net.
You are no longer berserk.
You are exhausted.
You feel yourself slow down. The gnoll barely misses you.
Unknown command.
You rip the net and break free!
The gnoll hits you from afar with a +0 spear.
* * * LOW HITPOINT WARNING * * *
The gnoll closely misses you. The gnoll completely misses you.
You see here a +0 club.
You completely miss the gnoll. The gnoll closely misses you.
You furiously retaliate!
You headbutt the gnoll. The gnoll closely misses you. You furiously retaliate!
You headbutt the gnoll.
Unknown command.
You completely miss the gnoll.
The gnoll is heavily wounded.
The gnoll hits you with a +0 spear.
* * * LOW HITPOINT WARNING * * *
The frilled lizard unfolds its giant frill.
You hit the gnoll.
You headbutt the gnoll, but do no damage.
The gnoll is almost dead.
The gnoll hits you with a +0 spear.
* * * LOW HITPOINT WARNING * * *
The gnoll closely misses you.
You hit the gnoll.
You kill the gnoll!
Trog accepts your kill.
Unknown command.
You hit the gnoll.
The gnoll is heavily wounded.
The frilled lizard hisses.
The gnoll closely misses you. x2
Unknown command.
You closely miss the gnoll.
The gnoll is heavily wounded.
The gnoll hits you with a +0 flail.
You die...

#.### ##.#### #......
#########.#.##
#.............
#.#########.#. # #.#
#.........
..(.#######.###.#####.#.
....(lg@........# #.##
###.#######.#########.#.
#.............
###########.#. #.#[ #...
####


You could see a gnoll and a frilled lizard.

Vanquished Creatures
  2 gnolls (D:2)
  2 adders (D:2)
  A worm (D:2)
  A dart slug (D:1)
  2 endoplasms (D:1)
  A giant cockroach (D:1)
  3 goblins (D:1)
  2 hobgoblins
  2 jackals (D:2)
  2 kobolds
  2 ball pythons
  4 bats
  A frilled lizard (D:1)
  2 rats
27 creatures vanquished.

Notes
Turn   | Place    | Note
-------+----------+-------------------------------------------
     0 | D:1      | jifgo the Minotaur Berserker began the quest for the Orb.
     0 | D:1      | Reached XP level 1. HP: 19/19 MP: 0/0
   251 | D:1      | Reached XP level 2. HP: 25/27 MP: 1/1
   717 | D:1      | Found a faded altar of an unknown god.
   920 | D:2      | Reached XP level 3. HP: 33/33 MP: 2/2
  1126 | D:2      | Reached ** piety under Trog
  1323 | D:2      | Slain by a gnoll

Illustrated notes

Levels and vault maps discovered:
D:1:      roderic_octagonal_star, layout_basic,
          shapermc_ecumenical_altar_mp_ritualfount
D:2:      layout_basic, kennysheep_generic_room_5

Skill      XL: |  1  2 |
---------------+-------+-----
Axes           | 4 |  4.4
Fighting       | 4 |  4.4
Armour         | 3 |  3.4
Throwing       | |  0.4
Dodging        | |  2.1
Evocations     | |  0.3

Action                   || total
-------------------------++-------
Melee: Hand axe          ||    53
       Headbutt          ||     7
Throw: Dart              ||     5
Invok: Berserk           ||     1
Armor: Animal skin       ||     1
       Leather armour    ||    19
Dodge: Dodged            ||    41

Table legend: (Time is in decaauts)
 A = Elapsed time spent in this place.
 B = Non-inter-level travel time spent in this place.
 C = Inter-level travel time spent in this place.
 D = Time resting spent in this place.
 E = Time spent auto-exploring this place.
 F = Levels seen in this place.
 G = Mean time per level.
                   A        B        C        D        E       F      G
               +--------+--------+--------+--------+--------+-----+--------+
         Total |   1330 |   1287 |     43 |     35 |   1034 |   2 |  665.0 |
       Dungeon |   1330 |   1287 |     43 |     35 |   1034 |   2 |  665.0 |
               +--------+--------+--------+--------+--------+-----+--------+

Top non-repeatable levels by time:
     D:1: 885 daAuts
     D:2: 444 daAuts
